 Dungeon Crawl Stone Soup version 0.23.2 (webtiles) character file.

Game seed: 17030770394636224738

12113 Peloso the Carver (level 11, -3/148 (150) HPs)
             Began as a Minotaur Fighter on Apr 9, 2019.
             Was a Believer of Okawaru.
             Slain by a wolf (6 damage)
             ... summoned by an orange crystal statue
             ... in a Gauntlet.
             The game lasted 00:24:42 (10339 turns).

Peloso the Carver (Minotaur Fighter)               Turns: 10339, Time: 00:24:42

HP:   -3/148 (150)  AC: 14    Str: 28    XL:     11   Next: 58%
MP:   2/10          EV:  9    Int:  5    God:    Okawaru [**....]
Gold: 443           SH:  0    Dex: 14    Spells: 10/10 levels left

rFire    + . .     SeeInvis .   a - +2 scimitar (flame)
rCold    x . .     Gourm    .   c - +0 shield
rNeg     . . .     Faith    .   m - +0 plate armour
rPois    .         Spirit   .   (helmet restricted)
rElec    .         Reflect  .   (no cloak)
rCorr    .         Harm     .   (no gloves)
MR       .....     NoTele   +   (no boots)
Stlth    ..........             (no amulet)
HPRegen  0.34/turn              g - +3 ring of dexterity
MPRegen  0.12/turn              K - ring of fire

@: confused, berserking (expiring), very quick
A: retaliatory headbutt, horns 2
a: Heroism, Renounce Religion


You were in a Gauntlet.
You worshipped Okawaru.
Okawaru was pleased with you.
You were not hungry.

You visited 3 branches of the dungeon, and saw 12 of its levels.
You also visited: Gauntlet.

You collected 701 gold pieces.
You spent 258 gold pieces at shops.

Inventory:

Hand Weapons
 a - a +2 scimitar of flaming (weapon)
 b - a +4 long sword of protection
Missiles
 k - 66 bolts
Armour
 c - a +0 shield (worn)
 d - a +0 scale mail
 m - a +0 plate armour (worn)
Jewellery
 g - a +3 ring of dexterity (left hand)
 D - an uncursed ring of protection from cold
 K - a ring of fire (right hand)
 L - the ring "Irocziam" {+Fly SInv, unknown}
   (You found it in a Gauntlet)

   [ring of flight]

   It lets you see invisible.
   It lets you fly.
Wands
 u - a wand of iceblast (13)
 y - a wand of scattershot (5)
 C - a wand of disintegration (8)
 G - a wand of acid (6)
Scrolls
 h - 4 scrolls of teleportation
 i - 3 scrolls of amnesia
 l - 3 scrolls of blinking
 q - a scroll of enchant weapon
 r - 3 scrolls of enchant armour
 s - 3 scrolls of immolation
 w - 5 scrolls of remove curse
 x - 2 scrolls of fear
 z - a scroll of acquirement
 E - 3 scrolls of random uselessness {unknown}
 H - a scroll of fog {unknown}
Potions
 e - a potion of haste
 n - 2 potions of brilliance
 o - a potion of mutation
 p - 3 potions of heal wounds
 t - a potion of cancellation
 v - 2 potions of magic
 A - a potion of lignification {unknown}
 B - a potion of flight
 F - a potion of might
 I - a potion of degeneration {unknown}
Comestibles
 f - 11 rations
 J - a chunk of flesh


   Skills:
 + Level 10.3 Fighting
 + Level 13.7 Long Blades
 + Level 9.4 Armour
 + Level 3.9 Dodging
 + Level 0.3 Stealth
 + Level 11.0 Shields


You had 10 spell levels left.
You didn't know any spells.
Your spell library was empty.

Dungeon Overview and Level Annotations

Branches:
Dungeon (10/15)            Temple (1/1) D:6            Lair (1/6) D:10
    Orc (0/2) D:9

Altars:
Ashenzari
Cheibriados
Dithmenos
Fedhas
Hepliaklqana
Nemelex Xobeh
Okawaru
Ru
Sif Muna
Trog
Uskayaw
Vehumet
Wu Jian
Xom
Zin
The Shining One

Shops:
D:6 ?([%   D:7 [   D:10 [

Annotations:
D:7 exclusion: statue Gauntlet 7 transporters, exclusion: orange crystal statue


Innate Abilities, Weirdness & Mutations

You reflexively headbutt those who attack you in melee.
You have a pair of horns on your head.


Message History

The shadow strikes at you from the darkness!
* * * LOW HITPOINT WARNING * * *
Reactivating autopickup.
The wolf bites you.
* * * LOW HITPOINT WARNING * * *
The wolf barely misses you.
You slash the wolf! You burn the wolf.
The wolf is severely wounded.
The small abomination hits you but does no damage.
The wolf bites you but does no damage.
Unknown command.
You slice the orange crystal statue!! You burn the orange crystal statue.
You headbutt the orange crystal statue, but do no damage.
The orange crystal statue is almost destroyed.
The wolf bites you.
* * * LOW HITPOINT WARNING * * *
The orange crystal statue fixes its piercing gaze on you.
You feel your power leaking away. The shadow hits you. The wolf bites you.
You die...

#..##.......##.§§##..##.#.
#..#.#.....#.#...####.#..#
..#..#...#..#...#.J##.##.
..#...#©#...#...#....#..#
..#....#....#...#.##©###.
..#...#.#...#...#..###...
..#..#..h#..#...##..####.
..#.#..8xh#.#...###)#.P#.
..##./}W@h.##...##.#.©[$.
..###########...#########
.........................
............≈∩≈.........
######################## #
≈...............§#
#8.8.8..©.©..8.8.8#
#≈...............≈#
#.#.#######.#.###


You could see an orange crystal statue, a small abomination, a shadow and 3
wolves.

Vanquished Creatures
  A great orb of eyes (D:8)
  Harold (D:8)
  A two-headed ogre (D:8)
  Erica (D:9)
  A necromancer (Gauntlet)
  A manticore (D:8)
  Joseph (D:7)
  A tengu conjurer (D:8)
  A raiju (Gauntlet)
  3 hippogriffs
  A redback (D:8)
  3 yaks (D:10)
  A wraith (D:8)
  3 steam dragons
  A water moccasin (D:8)
  A porcupine (Lair:1)
  3 ice beasts
  An orc warrior (D:10)
  3 sky beasts
  A necrophage (D:8)
  2 phantoms
  3 ogres
  10 wolves
  3 centaurs
  3 big kobolds
  11 bullfrogs
  A gnoll sergeant (D:8)
  A water moccasin zombie (D:10)
  2 scorpions
  9 killer bees
  5 wights (D:9)
  4 howler monkeys
  5 crimson imps
  A centaur zombie (D:5)
  4 bullfrog skeletons
  5 hounds
  3 jellies
  6 orc wizards
  8 orc priests
  A gnoll shaman (D:5)
  Jessica (D:3)
  4 iguanas
  13 worker ants
  24 gnolls
  13 adders
  A shadow imp (D:6)
  3 oozes
  5 worms
  2 dart slugs (D:3)
  4 leopard geckos
  25 orcs
  4 ball pythons (D:3)
  5 bats
  4 giant cockroaches
  10 goblins
  7 hobgoblins
  7 jackals
  18 kobolds
  9 quokkas
  5 frilled lizards
  A jackal skeleton (D:5)
  2 quokka skeletons
  2 quokka zombies
  9 rats
295 creatures vanquished.

Vanquished Creatures (others)
  2 plants (Gauntlet)
2 creatures vanquished.

Grand Total: 297 creatures vanquished

Notes
Turn   | Place    | Note
-------+----------+-------------------------------------------
     0 | D:1      | Peloso the Minotaur Fighter began the quest for the Orb.
     0 | D:1      | Reached XP level 1. HP: 19/19 MP: 0/0
   135 | D:1      | Reached XP level 2. HP: 20/27 MP: 1/1
   592 | D:2      | Found a faded altar of an unknown god.
   658 | D:2      | Reached XP level 3. HP: 34/34 MP: 2/2
   727 | D:2      | Found a shadowy altar of Dithmenos.
   985 | D:2      | Reached skill level 3 in Long Blades
  1049 | D:2      | Reached XP level 4. HP: 33/41 MP: 3/3
  1059 | D:2      | Found a shattered altar of Ashenzari.
  1791 | D:3      | Reached XP level 5. HP: 28/47 MP: 4/4
  1848 | D:3      | Reached skill level 4 in Long Blades
  2165 | D:3      | Noticed Jessica
  2173 | D:3      | Killed Jessica
  2179 | D:3      | Reached skill level 5 in Long Blades
  2585 | D:4      | Reached skill level 5 in Armour
  2585 | D:4      | Reached XP level 6. HP: 35/55 MP: 5/5
  2642 | D:4      | Reached skill level 5 in Fighting
  3263 | D:4      | Found a bloodstained altar of Trog.
  3263 | D:4      | Found a shadowy altar of Dithmenos.
  3389 | D:5      | Entered Level 5 of the Dungeon
  3481 | D:5      | Found a sacrificial altar of Ru.
  3490 | D:5      | Found a shattered altar of Ashenzari.
  3515 | D:5      | Reached skill level 5 in Shields
  3520 | D:5      | Reached skill level 6 in Long Blades
  3520 | D:5      | Reached XP level 7. HP: 36/61 MP: 6/6
  3869 | D:5      | Reached skill level 7 in Long Blades
  4348 | D:6      | Found Vuutuec's Antique Weapon Boutique.
  4353 | D:6      | You fall through a shaft for 3 floors!
  4445 | D:9      | Reached XP level 8. HP: 67/71 MP: 7/7
  4525 | D:9      | Reached skill level 8 in Long Blades
  4858 | D:9      | Found a staircase to the Orcish Mines.
  4882 | D:9      | Reached skill level 1 in Dodging
  4892 | D:9      | Reached skill level 9 in Long Blades
  4939 | D:9      | Noticed Erica
  4948 | D:9      | Killed Erica
  4948 | D:9      | Reached XP level 9. HP: 60/79 MP: 8/8
  4955 | D:9      | Reached skill level 10 in Long Blades
  5941 | D:8      | Reached skill level 11 in Long Blades
  5961 | D:8      | Found a deep blue altar of Sif Muna.
  6226 | D:8      | Noticed a two-headed ogre
  6226 | D:8      | Noticed a manticore
  6237 | D:8      | Noticed a tengu conjurer
  6240 | D:8      | Killed a two-headed ogre
  6240 | D:8      | Reached XP level 10. HP: 37/90 MP: 9/9
  6245 | D:8      | HP: 2/90 [manticore (12)]
  6246 | D:8      | Killed a manticore
  6561 | D:8      | Found a large runed translucent door.
  6562 | D:8      | Found a large runed translucent door.
  6890 | D:8      | Reached skill level 12 in Long Blades
  6908 | D:7      | Noticed Joseph
  6921 | D:7      | Killed Joseph
  7077 | D:7      | Noticed Harold
  7095 | D:8      | Killed Harold
  7469 | D:8      | Found a blossoming altar of Fedhas.
  7483 | D:8      | Found a shimmering altar of Xom.
  7483 | D:8      | Noticed a great orb of eyes
  7498 | D:8      | Killed a great orb of eyes
  7593 | D:7      | Reached XP level 11. HP: 91/96 MP: 10/10
  7619 | D:7      | Found Pomihis's Antique Armour Emporium.
  7630 | D:7      | Reached skill level 10 in Shields
  7839 | D:7      | Found a radiant altar of Vehumet.
  8250 | D:6      | Found Yqackyko's Antique Armour Shoppe.
  8257 | D:6      | Found Gauja Boxu's Food Shoppe.
  8473 | D:6      | Reached skill level 13 in Long Blades
  8520 | D:6      | Found a staircase to the Ecumenical Temple.
  8540 | Temple   | Entered the Ecumenical Temple
  8576 | Temple   | Became a worshipper of Warmaster Okawaru
  8615 | D:6      | Found Atuuw's Magic Scroll Boutique.
  8632 | D:6      | Bought a scroll of remove curse for 36 gold pieces
  8632 | D:6      | Bought a scroll of magic mapping for 42 gold pieces
  8632 | D:6      | Bought a scroll of identify for 24 gold pieces
  8658 | D:6      | Bought a scroll of identify for 24 gold pieces
  8658 | D:6      | Bought a scroll of enchant armour for 90 gold pieces
  8658 | D:6      | Bought a scroll of fear for 42 gold pieces
  8660 | D:6      | Identified a scroll of acquirement
  9101 | D:10     | Entered Level 10 of the Dungeon
  9491 | D:10     | Found a staircase to the Lair.
  9665 | D:10     | Found Cudin's Antique Armour Shop.
  9688 | D:10     | Reached * piety under Okawaru
  9786 | Lair:1   | Entered Level 1 of the Lair of Beasts
  9854 | Lair:1   | Reached skill level 10 in Fighting
  9855 | Lair:1   | Found a gate leading to a gauntlet.
  9865 | Gauntlet | Entered a Gauntlet
  9865 | Gauntlet | Found a transporter.
  9865 | Gauntlet | Found a transporter.
  9865 | Gauntlet | Found a transporter.
  9865 | Gauntlet | Found a transporter.
  9865 | Gauntlet | Noticed a necromancer
  9865 | Gauntlet | Noticed a wizard
  9885 | Gauntlet | Found the +3 robe of Folly {Archmagi, MR-- Int+5}
  9888 | Gauntlet | Found a transporter.
  9898 | Gauntlet | Found a transporter.
  9902 | Gauntlet | Found a transporter.
  9916 | Gauntlet | Found a transporter.
  9916 | Gauntlet | Noticed a death ooze
  9937 | Gauntlet | Found a transporter.
  9937 | Gauntlet | Noticed an orange crystal statue
  9943 | Gauntlet | Found a transporter.
  9946 | Gauntlet | Found a transporter.
  9957 | Gauntlet | Found a transporter.
 10019 | Gauntlet | Killed a necromancer
 10019 | Gauntlet | Reached ** piety under Okawaru
 10323 | Gauntlet | Got a scorched bone ring
 10337 | Gauntlet | HP: 5/148 [wolf[an orange crystal statue] (6)]
 10339 | Gauntlet | Slain by a wolf

Skill      XL: |  1  2  3  4  5  6  7  8  9 10 11 |
---------------+----------------------------------+-----
Fighting       | 4 5 6 7 8 9 10 | 10.3
Armour         | 4 5 6 7 8 9 |  9.4
Shields        | 4 5 7 8 9 11 | 11.0
Long Blades    | 3 5 6 7 9 11 12 13 | 13.7
Dodging        | 1 2 3 |  3.9
Stealth        | |  0.3

Action                   |  1- 3 |  4- 6 |  7- 9 | 10-12 || total
-------------------------+-------+-------+-------+-------++-------
Melee: Long sword        |    76 |   161 |   151 |       ||   388
       Headbutt          |    11 |    29 |    53 |    85 ||   178
       Scimitar          |       |       |    85 |   364 ||   449
Invok: Heroism           |       |       |       |     3 ||     3
  Use: Potion            |       |     1 |     2 |     5 ||     8
       Scroll            |       |       |     6 |    11 ||    17
  Eat: Chunk             |       |     9 |     2 |    13 ||    24
       Ration            |       |       |     2 |       ||     2
Armor: Scale mail        |    19 |       |    18 |    66 ||   103
       Plate armour      |    20 |    79 |    95 |    72 ||   266
Dodge: Dodged            |    19 |    17 |    60 |   119 ||   215
Block: Shield            |    45 |    81 |   153 |   256 ||   535
       Rpst.: Long sword |     5 |     5 |    11 |       ||    21
       Scimitar          |       |       |     4 |    27 ||    31
